 Dungeon Crawl Stone Soup version 0.29-a0-1065-g47a6bb87d6 (webtiles) character file.

Game seed: 15674327778541896352

41 Zeldest the Poker (level 4, -2/40 HPs)
             Began as a Meteoran Monk on Aug 18, 2022.
             Slain by a goblin
             ... wielding a +0 rapier
              (5 damage)
             ... on level 2 of the Dungeon.
             The game lasted 00:03:30 (369 turns).

Zeldest the Poker (Meteoran Monk)                    Turns: 369, Time: 00:03:30

Health: -2/40      AC:  2    Str: 12    XL:     4   Next: 1%
Magic:  6/6        EV: 13    Int: 13    God:
Gold:   31         SH:  0    Dex: 17    Spells: 5/5 levels left

rFire   + . .      SeeInvis .   c - +0 dagger (venom)
rCold   + . .      Faith    .   (no shield)
rNeg    . . .      Spirit   .   b - +0 robe
rPois   +          Reflect  .   (no helmet)
rElec   +          Harm     .   (no cloak)
rCorr   +          Rampage  .   (no gloves)
Will    .....                   (no boots)
Stlth   +.........              (no amulet)
HPRegen 0.13/turn               (no ring)
MPRegen 0.10/turn               (no ring)

@: brilliant, resistant, glowing
A: sense surroundings 1, otherworldly, glowing, explore regen
a: no special abilities


You were on level 2 of the Dungeon.
You visited 1 branch of the dungeon, and saw 3 of its levels.

You collected 31 gold pieces.

Inventory:

Hand Weapons
 a - a +0 spear
 c - a +0 dagger of venom (weapon)
 g - a +1 mace of holy wrath
Armour
 b - a +0 robe (worn)
Scrolls
 d - a scroll of amnesia {unknown}
 e - a scroll of butterflies {unknown}
Potions
 h - a potion of brilliance


   Skills:
 + Level 3.7 Fighting
 + Level 4.1 Polearms
 - Level 3.8 Dodging
 - Level 1.6 Stealth
 + Level 1.2 Spellcasting
 + Level 0.9 Necromancy


You had 5 spell levels left.
You didn't know any spells.
Your spell library was empty.

Dungeon Overview and Level Annotations

Branches:
Dungeon (3/15) Zot: 1435

Altars:

Annotations:
D:2 Ijyb
D:3 Robin


Innate Abilities, Weirdness & Mutations

You passively map a small area around you.
You are easily found by Zot.
You glow in the dark.
You regain HP and MP as you explore.


Message History

You see here a jackal corpse.
You hit Ijyb.
Ijyb is poisoned.
Ijyb is lightly wounded.
Ijyb hits you with a +0 dagger.
You hit Ijyb but do no damage.
Ijyb looks as sick as possible!
Ijyb is lightly wounded.
Ijyb zaps a wand.
The roots erupt in riotous growth!
The grasping roots grab you!
Ijyb is unaffected.
The grasping roots constrict you.
You closely miss Ijyb.
Ijyb is lightly wounded.
The grasping roots constrict you!
You hit Ijyb but do no damage.
Ijyb is moderately wounded.
Ijyb hits you with a +0 dagger. The grasping roots constrict you.
The goblin completely misses you.
The grasping roots release their grip on you.
You hit Ijyb but do no damage.
Ijyb looks as sick as possible!
Ijyb is moderately wounded.
The goblin closely misses you.
Ijyb zaps a wand.
The roots erupt in riotous growth!
The grasping roots grab you!
Ijyb is unaffected.
The goblin is unaffected.
The grasping roots constrict you.
You barely miss Ijyb.
Ijyb is moderately wounded.
The goblin barely misses you. Ijyb hits you with a +0 dagger.
The grasping roots constrict you.
* * * LOW HITPOINT WARNING * * *
You hit Ijyb.
Ijyb looks as sick as possible!
Ijyb is heavily wounded.
Ijyb hits you with a +0 dagger.
* * * LOW HITPOINT WARNING * * *
The grasping roots constrict you.
* * * LOW HITPOINT WARNING * * *
The goblin completely misses you.
The grasping roots release their grip on you.
You hit Ijyb.
Ijyb looks as sick as possible!
Ijyb is heavily wounded.
The goblin hits you with a +0 rapier.
You die...

,, .## * + * * ..# * ***
#.# * , , #.# * * #.# * *
# ...g ,#.# , . 8....,
#)# , ,,,, . *,...gg
#)### * , , .. * .....
#.@g# ,, ...
!....)###g######*#####.#
....g8###g)....###.....##
....)..#.........†)).....
.......g..........>.#####
.......#.>..........'....
######?#######......#####
#., , +......# ## **
*#......#


You could see Ijyb (extremely poisoned) and 2 goblins.

Vanquished Creatures
  An adder (D:2)
  A ball python (D:2)
  2 bats
  A giant cockroach (D:1)
  8 goblins (D:2)
  3 hobgoblins
  7 jackals (D:2)
  2 frilled lizards
  2 rats
27 creatures vanquished.

Notes
Turn   | Place    | Note
-------+----------+-------------------------------------------
     0 | D:1      | Zeldest the Meteoran Monk began the quest for the Orb.
     0 | D:1      | Reached XP level 1. HP: 19/19 MP: 2/2
    56 | D:1      | Reached XP level 2. HP: 26/26 MP: 3/3
   224 | D:2      | Reached skill level 4 in Polearms
   224 | D:2      | Reached XP level 3. HP: 29/31 MP: 4/4
   259 | D:3      | Noticed Robin
   274 | D:2      | HP: 1/31 [poisoned by a goblin]
   329 | D:2      | Reached skill level 1 in Spellcasting
   347 | D:2      | Noticed Ijyb
   359 | D:2      | Reached XP level 4. HP: 40/40 MP: 6/6
   369 | D:2      | Slain by a goblin

Illustrated notes

Levels and vault maps discovered:
D:1:      roderic_chinese_lattice_arrival, layout_basic, minmay_rat_gold_closets
D:2:      kennysheep_the_goblin_king, layout_basic,
          ebering_ecumenical_altar_abandoned
D:3:      layout_basic, mainiacjoe_overflow_paths,
          gammafunk_temple_overflow_elements, serial_shops, shop_statue,
          minmay_liquid_box, uniq_robin, uniq_crazy_yiuf_cottage

Skill      XL: |  1  2  3 |
---------------+----------+-----
Polearms       | 4 |  4.1
Spellcasting   | 1 |  1.2
Fighting       | |  3.7
Dodging        | |  3.8
Stealth        | |  1.6
Necromancy     | |  0.9

Action                   |  1- 3 |  4- 6 || total
-------------------------+-------+-------++-------
Melee: Spear             |    60 |       ||    60
       Dagger            |    33 |     8 ||    41
  Use: Potion            |     4 |       ||     4
 Stab: Distracted        |     1 |       ||     1
Armor: Robe              |    16 |       ||    16
Dodge: Dodged            |    55 |     5 ||    60

Table legend: (Time is in decaauts)
 A = Elapsed time spent in this place.
 B = Non-inter-level travel time spent in this place.
 C = Inter-level travel time spent in this place.
 D = Time resting spent in this place.
 E = Time spent auto-exploring this place.
 F = Levels seen in this place.
 G = Mean time per level.
                   A        B        C        D        E       F      G
               +--------+--------+--------+--------+--------+-----+--------+
         Total |    364 |    364 |      0 |      0 |      0 |   3 |  121.3 |
       Dungeon |    364 |    364 |      0 |      0 |      0 |   3 |  121.3 |
               +--------+--------+--------+--------+--------+-----+--------+

Top non-repeatable levels by time:
     D:2: 275 daAuts
     D:1: 72 daAuts
     D:3: 16 daAuts
